 Dungeon Crawl Stone Soup version 0.31-a0-1591-g515db51633 (webtiles) character file.

Game seed: 4830521603793509379

263 Lobster4 the Changeling (level 6, 0/67 HPs)
             Began as a Merfolk Shapeshifter on Jan 6, 2024.
             Slain by a gnoll
             ... wielding a +0 club
              (6 damage)
             ... on level 3 of the Dungeon.
             The game lasted 00:09:04 (2860 turns).

Lobster4 the Changeling (Merfolk Shapeshifter)      Turns: 2860, Time: 00:09:04

Health: 0/67       AC: 23    Str: 16    XL:     6   Next: 19%
Magic:  6/6        EV:  2    Int: 10    God:
Gold:   139        SH:  0    Dex: 13    Spells: 5/5 levels left

rFire   . . .        u - +2 whip (venom)
rCold   . . .        (no shield)
rNeg    . . .        a - melded +0 animal skin
rPois   +            (helmet currently unavailable)
rElec   .            (cloak currently unavailable)
rCorr   +            (gloves currently unavailable)
SInv    .            (boots currently unavailable)
Will    .....        (no amulet)
Stlth   ++           q - ring of resist corrosion
HPRegen 0.31/turn    (no ring)
MPRegen 0.10/turn

%: no passive effects
@: tree-form
A: stationary, stasis, torment immunity, boosted hp, (nimble swimmer 2),
(mertail)
a: no special abilities


You were on level 3 of the Dungeon.
You were a tree.
You visited 1 branch of the dungeon, and saw 3 of its levels.
You also visited: Sewer.

You collected 139 gold pieces.

Inventory:

Hand Weapons
 e - a +0 eveningstar
 l - a +0 dagger of speed
 u - a +2 whip of venom (weapon)
Missiles
 f - 3 poisoned darts (quivered)
 g - 25 stones
 k - a throwing net
Armour
 a - a +0 animal skin (melded)
 i - the orb of Inquiry {guile, Conj}
   (You found it on level 2 of the Dungeon)

   Conj:      It increases the power of your Conjurations spells.
 o - an orb of energy
Jewellery
 q - a ring of resist corrosion (left branch)
Talismans
 c - a beast talisman
 d - a flux talisman
 m - a serpent talisman
Scrolls
 h - a scroll of fear
 s - a scroll of identify {unknown}
Potions
 b - a potion of lignification
 j - 2 potions of curing {unknown}
 n - 2 potions of invisibility {unknown}
 p - a potion of cancellation {unknown}
 r - a potion of haste {unknown}
 t - a potion of might {unknown}


   Skills:
 + Level 2.3 Fighting
 + Level 0.8 Maces & Flails
 - Level 1.0 Throwing
 + Level 1.3 Armour
 + Level 3.7 Dodging
 + Level 2.0 Stealth
 + Level 4.0 Unarmed Combat
 * Level 5.5 Shapeshifting


You had 5 spell levels left.
You didn't know any spells.
Your spell library was empty.

Dungeon Overview and Level Annotations

Branches:
Dungeon (3/15)              Sewer (visited)

Altars:
Kikubaaqudgha

Annotations:
D:2 1 runed translucent door, Crazy Yiuf


Innate Abilities, Weirdness & Mutations

You are a tree.
Your roots penetrate the ground, keeping you stationary.
You cannot be teleported.
You are immune to unholy pain and torment.
Your maximum health is greatly increased.
Your equipment is partially melded.
((You are very nimble when in or above water. (Stealth+, EV+, Speed+++)))
((Your lower body shifts to a powerful aquatic tail in water.))


Message History

You barely miss the gnoll. The gnoll hits you with a +0 whip.
You completely miss the gnoll. The gnoll hits you with a +0 whip!
The gnoll hits you with a +0 whip.
You hit the gnoll but do no damage.
The gnoll is poisoned.
The gnoll hits you with a +0 whip.
You barely miss the gnoll. You punch the gnoll.
The gnoll is heavily wounded.
The gnoll hits you with a +0 whip.
You barely miss the gnoll.
The gnoll is heavily wounded.
The gnoll hits you with a +0 whip!
* * * LOW HITPOINT WARNING * * *
The gnoll attacks as it pursues you! The gnoll hits you with a +0 whip.
* * * LOW HITPOINT WARNING * * *
The gnoll attacks as it pursues you! The gnoll hits you with a +0 whip.
* * * LOW HITPOINT WARNING * * *
Your transformation has ended.
You turn into a tree.
Your +0 animal skin melds into your body.
Your roots penetrate the ground.
The gnoll hits you but does no damage.
You hit the gnoll.
You kill the gnoll!
Your Stealth skill increases to level 2!
You hit the gnoll.
The gnoll is lightly wounded.
The gnoll hits you but does no damage.
You hit the gnoll.
The gnoll is poisoned.
The gnoll is lightly wounded.
The gnoll hits you with a +0 club.
* * * LOW HITPOINT WARNING * * *
You hit the gnoll but do no damage.
The gnoll looks as sick as possible!
The gnoll is lightly wounded.
The gnoll hits you but does no damage.
You hit the gnoll but do no damage.
The gnoll looks as sick as possible!
The gnoll is lightly wounded.
The gnoll hits you but does no damage.
You hit the gnoll.
The gnoll looks as sick as possible!
The gnoll is severely wounded.
The gnoll hits you with a +0 club.
You die...

####<.# #.....#
##.....#
#####......#
#..†g......#
#.###......# #.#
#......# #g#
#......# #♣#
#......#
#.###......#
#.........##
#..........#######
##.#.#.............
#......###...##....
#............##....
#..#.#.###...#.....
#....#.##..........


You could see a gnoll (extremely poisoned).

Vanquished Creatures
  3 jellies (Sewer)
  2 adders (D:2)
  3 gnolls (D:3)
  4 river rats
  2 dart slugs (D:1)
  3 ribbon worms (D:2)
  11 ball pythons
  11 endoplasms
  5 giant cockroaches
  6 goblins
  8 hobgoblins
  2 quokkas
  6 bats
  7 frilled lizards
  2 kobolds (D:1)
  10 rats
85 creatures vanquished.

Notes
Turn   | Place    | Note
-------+----------+-------------------------------------------
     0 | D:1      | Lobster4 the Merfolk Shapeshifter began the quest for the
                  | Orb.
     0 | D:1      | Reached XP level 1. HP: 15/15 MP: 1/1
   104 | D:1      | Reached XP level 2. HP: 21/21 MP: 2/2
   126 | D:1      | Found a faded altar of an unknown god.
   490 | D:1      | Reached XP level 3. HP: 26/26 MP: 3/3
  1106 | D:2      | Found an ancient bone altar of Kikubaaqudgha.
  1211 | D:2      | Reached skill level 1 in Stealth
  1211 | D:2      | Reached XP level 4. HP: 33/33 MP: 4/4
  1404 | D:2      | Found a runed translucent door.
  1405 | D:2      | Noticed Crazy Yiuf
  1762 | D:2      | Reached skill level 1 in Throwing
  1779 | D:2      | Identified the orb of Inquiry {guile, Conj}
  2069 | D:3      | Found a glowing drain.
  2105 | Sewer    | Entered a sewer
  2422 | Sewer    | Reached skill level 5 in Shapeshifting
  2425 | Sewer    | Reached XP level 5. HP: 34/38 MP: 5/5
  2463 | Sewer    | Reached skill level 1 in Armour
  2665 | Sewer    | Reached XP level 6. HP: 40/44 MP: 6/6
  2681 | Sewer    | Found a viscous altar of Jiyva.
  2860 | D:3      | Slain by a gnoll

Illustrated notes

Levels and vault maps discovered:
D:1:      psy_arrival_terrarium, layout_loops_cross,
          shapermc_ecumenical_altar_mp_vishouse, minmay_hexomino_p4
D:2:      layout_loops_ring, basic_altar, uniq_crazy_yiuf_cottage
D:3:      layout_basic, minitemple, cheibrodos_sewer_entry_sluice

Skill      XL: |  1  2  3  4  5  6 |
---------------+-------------------+-----
Dodging        | 3 |  3.7
Stealth        | 1 2 |  2.0
Throwing       | 1 |  1.0
Shapeshifting  | 5 |  5.5
Fighting       | 2 |  2.3
Armour         | 1 |  1.3
Unarmed Combat | 4 |  4.0
Maces & Flails | |  0.8

Action                     |  1- 3 |  4- 6 || total
---------------------------+-------+-------++-------
  Melee: Eveningstar       |    99 |    90 ||   189
         Unarmed           |     5 |       ||     5
         Punch             |     2 |     1 ||     3
         Tailslap          |       |     5 ||     5
         Whip              |       |    11 ||    11
  Throw: Dart              |       |    16 ||    16
    Use: Scroll            |       |     7 ||     7
         Potion            |       |     1 ||     1
   Stab: Sleeping          |     6 |       ||     6
         Distracted        |       |     1 ||     1
 Armour: Animal skin       |    60 |    59 ||   119
         Skin              |       |     6 ||     6
  Dodge: Dodged            |    83 |    81 ||   164

Table legend: (Time is in decaauts)
 A = Elapsed time spent in this place.
 B = Non-inter-level travel time spent in this place.
 C = Inter-level travel time spent in this place.
 D = Time resting spent in this place.
 E = Time spent auto-exploring this place.
 F = Levels seen in this place.
 G = Mean time per level.
                   A        B        C        D        E       F      G
               +--------+--------+--------+--------+--------+-----+--------+
         Total |   2893 |   2825 |     68 |    398 |   1593 |   4 |  723.2 |
       Dungeon |   2294 |   2226 |     68 |    184 |   1464 |   3 |  764.7 |
         Sewer |    598 |    598 |      0 |    214 |    128 |   1 |  598.0 |
               +--------+--------+--------+--------+--------+-----+--------+

Top non-repeatable levels by time:
     D:2: 1264 daAuts
     D:1: 825 daAuts
   Sewer: 598 daAuts
     D:3: 204 daAuts
